AoeStats
← XultrAslan58

Arena

507446793Analyzed
1v1 RM · 13d ago on Sep 18, 2026· 22m 24s· 2 players
Game mode
Random Map
Map size
Tiny (2 player)
Population
200
Speed
Normal
Resources
Standard
Victory
Conquest
Starting age
Dark Age
Ending age
Imperial Age
RankedLock teamsTeams togetherTeam positionsShared explorationLock speedFull tech treeHidden civsTurbo modeCheats
Victory
Defeat
🇹🇼 Jurchens · Taiwan
682
+14
🇩🇪 Britons · Germany
644
-14
haoyu
11:06 Feudal Age
15:42 Castle Age
14:01 Double-Bit Axe
15:32 Wheelbarrow
14:44 Loom
15:53 Town Watch
XultrAslan58
11:38 Feudal Age
12:28 Double-Bit Axe
12:24 Horse Collar
16:16 Gold Mining
19:00 Castle Age
18:16 Stone Mining
18:34 Padded Archer Armor
18:25 Fletching
20:03 Bow Saw
20:30 Gold Shaft Mining
Connection lost

Rejoining the realm…

Still unreachable

The connection could not be restored.

Session expired

The server has moved on; the page needs a fresh start.